 Dungeon Crawl Stone Soup version 0.25.1-2-g60ff931df9 (webtiles) character file.

Game seed: 1785321885727159525

198 Joeren the Magician (level 5, -7/28 HPs)
             Began as a Deep Elf Fire Elementalist on Aug 28, 2020.
             Hit by a large rock thrown by a cyclops (35 damage)
             ... on level 6 of the Dungeon.
             The game lasted 00:09:42 (2461 turns).

Joeren the Magician (Deep Elf Fire Elementalist)    Turns: 2461, Time: 00:09:43

Health: -7/28      AC:  3    Str:  5    XL:     5   Next: 47%
Magic:  14/14      EV: 13    Int: 21    God:
Gold:   185        SH:  0    Dex: 15    Spells: 10/14 levels left

rFire    . . .     SeeInvis .   m - +0 dagger
rCold    + . .     Gourm    .   (no shield)
rNeg     . . .     Faith    .   a - +0 robe
rPois    .         Spirit   .   d - +0 helmet
rElec    .         Reflect  .   (no cloak)
rCorr    .         Harm     .   (no gloves)
MR       .....                  (no boots)
Stlth    ++........             (no amulet)
HPRegen  0.09/turn              p - ring of protection from cold
MPRegen  0.14/turn              (no ring)

@: no status effects
A: no striking features
a: no special abilities


You were on level 6 of the Dungeon.
You were hungry.

You visited 1 branch of the dungeon, and saw 4 of its levels.

You collected 185 gold pieces.

Inventory:

Hand Weapons
 m - a +0 dagger (weapon)
Missiles
 l - 3 stones (quivered)
 n - 4 boomerangs
Armour
 a - a +0 robe (worn)
 d - a +0 helmet (worn)
Jewellery
 p - a ring of protection from cold (left hand)
Scrolls
 g - a scroll of teleportation {unknown}
 h - a scroll of magic mapping {unknown}
 i - 3 scrolls of enchant weapon {unknown}
 j - 3 scrolls of identify {unknown}
Potions
 b - 4 potions of might {unknown}
 e - a potion of flight {unknown}
 f - a potion of curing {unknown}
 o - a potion of ambrosia {unknown}
Comestibles
 c - 7 rations


   Skills:
 - Level 2.4 Dodging
 - Level 2.4 Stealth
 + Level 5.0 Spellcasting
 + Level 3.4 Conjurations
 + Level 4.7 Fire Magic


You had 10 spell levels left.
You knew the following spells:

 Your Spells              Type           Power        Failure   Level  Hunger
a - Foxfire               Conj/Fire      ###.         1%          1    None
b - Conjure Flame         Conj/Fire      ###.....     6%          3    ##.....

Your spell library contained the following spells:

 Spells                   Type           Power        Failure   Level  Hunger
 Magic Dart               Conj           ###.         2%          1    None
 Searing Ray              Conj           ###...       3%          2    None
 Inner Flame              Hex/Fire       ###.....     12%         3    ##.....
 Dazzling Flash           Conj/Hex       ##....       16%         3    ##.....
 Sticky Flame             Conj/Fire      ###.....     21%         4    ####...
 Fulminant Prism          Conj/Hex       ##........   45%         4    ####...
 Iskenderun's Mystic Bla  Conj/Tloc      ##......     45%         4    ####...
 Fireball                 Conj/Fire      ###.......   50%         5    #####..


Dungeon Overview and Level Annotations

Branches:
Dungeon (3/15)

Altars:
Elyvilon

Annotations:
D:1 exclusion: downstairs


Message History

Your foxfire dissipates!
You start resting.
Magic restored.
Found a papyrus book.
Found 10 gold pieces.
Found 18 gold pieces.
Found a ration.
Found a stone staircase leading down.
An ogre comes into view. It is wielding a +0 giant spiked club.
You see here a book of Conjurations.
You pick up a book of Conjurations and begin reading...
You add the spells Magic Dart, Searing Ray, Dazzling Flash, Fulminant Prism and Iskenderun's Mystic Blast to your library.
You are feeling hungry.
Okay, then.
Found 14 gold pieces.
Found a dagger.
Found a stone staircase leading down.
A cyclops comes into view.
The cyclops shouts!
The cyclops throws a large rock.
The large rock hits you!!
Ouch! That really hurt!
You die...

##### #....##### ######
#........# #.....
#.)......###### #.....
#.............# #.....
#C....$...###.######.)...
#......@................
#>..................####
###.#....###............
# #.#### ####......... #.
#......... .. #.........
... ##......## ....
#......#


You could see a cyclops.

Vanquished Creatures
  Jessica (D:2)
  Natasha (thrice) (D:2)
  An iguana (D:6)
  3 adders
  A worm (D:2)
  A dart slug (D:2)
  A leopard gecko (D:2)
  An orc (D:2)
  7 bats
  3 giant cockroaches
  5 goblins
  2 hobgoblins
  A ball python (D:1)
  3 frilled lizards
  4 kobolds
  8 rats
45 creatures vanquished.

Vanquished Creatures (others)
  187 foxfires
187 creatures vanquished.

Grand Total: 232 creatures vanquished

Notes
Turn   | Place    | Note
-------+----------+-------------------------------------------
     0 | D:1      | Joeren the Deep Elf Fire Elementalist began the quest for
                  | the Orb.
     0 | D:1      | Reached XP level 1. HP: 10/10 MP: 6/6
   277 | D:1      | Reached XP level 2. HP: 15/15 MP: 4/8
  1089 | D:2      | Noticed Natasha
  1094 | D:2      | Noticed a crimson imp
  1401 | D:2      | Reached XP level 3. HP: 15/19 MP: 6/10
  1482 | D:2      | Learned a level 3 spell: Conjure Flame
  1544 | D:2      | Killed Natasha
  1544 | D:2      | Reached skill level 4 in Spellcasting
  1741 | D:2      | Noticed Natasha
  1746 | D:2      | Killed Natasha
  1746 | D:2      | Reached XP level 4. HP: 24/24 MP: 7/12
  1808 | D:3      | Found a white marble altar of Elyvilon.
  1870 | D:2      | Noticed Natasha
  1878 | D:2      | Killed Natasha
  1910 | D:2      | Reached XP level 5. HP: 16/28 MP: 1/14
  2077 | D:2      | Noticed Jessica
  2085 | D:2      | Killed Jessica
  2359 | D:3      | You fall into a shaft and drop 3 floors!
  2365 | D:6      | Reached skill level 5 in Spellcasting
  2433 | D:6      | Noticed an ogre
  2459 | D:6      | Noticed a cyclops
  2461 | D:6      | Hit by a large rock thrown by a cyclops

Illustrated notes

Levels and vault maps discovered:
D:1:      dpeg_arrival_concentric_ovals, layout_basic,
          minmay_misc_feat_secret_circle
D:2:      layout_rooms, first_ration, dk_noncrumbling_4, hangedman_glass_teeth,
          kennysheep_generic_room_8, uniq_natasha, uniq_jessica
D:3:      layout_basic, elyvilon_altar_5
D:6:      layout_basic, lemuel_round_altar, uniq_blork_the_orc

Skill      XL: |  1  2  3  4  5 |
---------------+----------------+-----
Conjurations   | 2 3 |  3.4
Spellcasting   | 4 5 |  5.0
Fire Magic     | 4 |  4.7
Dodging        | |  2.4
Stealth        | |  2.4

Action                   |  1- 3 |  4- 6 || total
-------------------------+-------+-------++-------
Melee: Unarmed           |     3 |       ||     3
       Dagger            |       |     3 ||     3
 Cast: Foxfire           |    91 |    33 ||   124
 Stab: Sleeping          |       |     1 ||     1
  Eat: Chunk             |     2 |     2 ||     4
Armor: Robe              |     2 |       ||     2
Dodge: Dodged            |    13 |     9 ||    22
